[Event "Early-Titled-Tuesday-Blitz-October-24-2023"]
[Site "Chess.com"]
[Date "2023.10.24"]
[Round "10"]
[White "Mistango"]
[Black "zeebraa"]
[Result "1-0"]
[WhiteElo "2525"]
[BlackElo "2339"]
[TimeControl "180+1"]
[EndTime "9:52:55 PDT"]
[Termination "Mistango won on time"]

1. e4 c5 2. d4 cxd4 3. c3 dxc3 4. Nxc3 Nc6 5. Nf3 d6 6. Bc4 a6 7. O-O Nf6 8. Qe2 Bg4 9. Rd1 e6 10. h3 Bxf3 11. gxf3 Be7 12. f4 Qb8 13. Bb3 O-O 14. a4 Rd8 15. Be3 Nd7 16. Kh1 Nc5 17. Bc2 Nb4 18. Bb1 b6 19. Qc4 a5 20. Ra3 Qb7 21. f3 Rac8 22. Qe2 d5 23. e5 Nd7 24.
Nb5 Rc4 25. Rc3 Rdc8 26. Rxc4 Rxc4 27. b3 Rc8 28. Bd4 g6 29. Qf2 Bc5 30. h4 Bxd4 31.
Nxd4 Rc3 32. h5 Nf8 33. Rg1 Qc8 34. Qd2 Rc7 35. Qe3 Rc3 36. Qd2 Rc7 37. Kh2 Nc6 38. Nb5 Nb4 39. Nxc7 Qxc7 40. Rc1 Qe7 41. Qf2 Nd7 42.
h6 Nc5 43. Kh3 Qf8 44. Qh4 Nbd3 45. Bxd3 Nxd3 46. Rc6 Nc5 47. Rd6 Nb7 48. Rd7 1-0

[Event "Early-Titled-Tuesday-Blitz-October-24-2023"]
[Site "Chess.com"]
[Date "2023.10.24"]
[Round "10"]
[White "GMJustin"]
[Black "NovikovaGalina"]
[Result "0-1"]
[WhiteElo "2237"]
[BlackElo "2440"]
[TimeControl "180+1"]
[EndTime "9:52:55 PDT"]
[Termination "NovikovaGalina won on time"]

1. d4 e5 2. dxe5 d6 3. Nf3 Bg4 4. Bg5 Qd7 5. Nbd2 Nc6 6. exd6 Bxd6 7. e3 f6 8. Bh4 O-O-O 9. Be2 Nh6 10. Nc4 Bb4+ 11.
c3 Qe7 12. Qc2 Bc5 13. O-O Nf5 14. Nd4 Ncxd4 15. cxd4 Bxe2 16. Qxf5+ Kb8 17. Qxc5 Qxc5 18. dxc5 Bxc4 19. Rfd1 Bd5 20. Rd4 Bc6 21. Rad1 Rde8 22. Bg3 g5 23. h4 h5 24. b3 a6 25. R1d3 Rhg8 26. hxg5 Rxg5 27. Bf4 Rxg2+ 28. Kf1 Rgg8 29. Bg3 f5 30. Ke1 Rgf8 31. Rc3 f4 32. Rxf4 Rg8 33. Rh4 Rd8 34. Rc2 Bf3 35. Rd2 Rxd2 36. Kxd2 Bg4 37. Kc3 Rd8 38. e4 Rd1 39. e5 Re1 40.
Kd4 Rd1+ 41. Ke4 Kc8 42. f3 Bd7 43. Rxh5 Bc6+ 44. Kf4 Rf1 45. Rh8+ Kd7 46. Rh7+ Ke6 47. Rxc7 Rxf3+ 48. Kg4 Rf1 49. Bf4 Rg1+ 50. Kh4 Rf1 51. Kg3 Kf5 52. Rf7+ Kg6 53. Rf6+ Kg7 54. Kh4 Ra1 55.
Bh6+ Kh7 56. e6 Rxa2 57. e7 Re2 0-1

[Event "Early-Titled-Tuesday-Blitz-October-24-2023"]
[Site "Chess.com"]
[Date "2023.10.24"]
[Round "10"]
[White "UK_23"]
[Black "kidagent"]
[Result "1-0"]
[WhiteElo "2395"]
[BlackElo "2271"]
[TimeControl "180+1"]
[EndTime "9:52:55 PDT"]
[Termination "UK_23 won by checkmate"]

1. e4 c6 2. Nc3 d5 3. Nf3 dxe4 4. Nxe4 Bg4 5. h3 Bxf3 6. Qxf3 e6 7. g3 Nd7 8. Bg2 Ngf6 9. d4 Nxe4 10. Qxe4 Nf6 11.
Qd3 Be7 12. O-O O-O 13. Rd1 Rc8 14. a4 a5 15. c3 Qb6 16. Qe2 Rfd8 17. Kh2 c5 18.
dxc5 Bxc5 19. Bg5 Be7 20. Qb5 Qxf2 21. Qxb7 Re8 22. Rf1 Qc2 23. Bxf6 Bxf6 24. Qb5 Rb8 25. Qxa5 Rxb2 26. Rg1 Bxc3 27. Qc5 Bf6 28. Qxc2 Rxc2 29. a5 h5 30. Ra4 h4 31. gxh4 Be5+ 32. Kh1 Bb8 33. a6 Ba7 34. Rb1 Rd8 35. Rb7 Rc1+ 36. Kh2 Bb8+ 37. Rxb8 Rxb8 38. a7 Rbc8 39. a8=Q Rxa8 40. Rxa8+ Kh7 41. Be4+ f5 42. Bg2 Kg6 43.
Rf8 Rc4 44. Kg3 Rc3+ 45. Bf3 e5 46. h5+ Kg5 47. h4+ Kh6 48. Rh8# 1-0

[Event "Early-Titled-Tuesday-Blitz-October-24-2023"]
[Site "Chess.com"]
[Date "2023.10.24"]
[Round "10"]
[White "RCone"]
[Black "Boninknights"]
[Result "0-1"]
[WhiteElo "2416"]
[BlackElo "2317"]
[TimeControl "180+1"]
[EndTime "9:52:56 PDT"]
[Termination "Boninknights won by resignation"]

1. e4 e5 2. Bc4 Nf6 3. Nc3 Bb4 4.
d3 d5 5. exd5 Nxd5 6. Ne2 O-O 7.
Bxd5 Qxd5 8. O-O Qc6 9. f4 exf4 10. Bxf4 Bg4 11. Qc1 Nd7 12. h3 Bxe2 13. Nxe2 Rae8 14. Ng3 Bc5+ 15. Kh1 Nf6 16. Qd2 Nd5 17. Rae1 Bd6 18. Bxd6 Qxd6 19. Nf5 Qd7 20. Qf2 f6 21. Qf3 c6 22.
Qg4 Kh8 23. Qf3 g6 24. Ng3 f5 25. d4 b5 26. c3 a5 27. a3 a4 28. Kg1 Nb6 29.
Rxe8 Rxe8 30. Rf2 Nc4 31. Re2 Kg7 32. Kf2 Kf7 33. h4 Rxe2+ 34. Nxe2 Nxb2 35. h5 Nc4 36. hxg6+ hxg6 37. Qh3 Kg7 38. Nf4 Qd6 39. g3 Nd2 40. Qh4 Ne4+ 41. Kf3 Qxa3 42. Ne2 Nxc3 43. Nxc3 Qxc3+ 44. Kg2 Qd2+ 45. Kg1 Qe1+ 46. Kg2 Qe4+ 47. Kg1 Qxh4 0-1

[Event "Early-Titled-Tuesday-Blitz-October-24-2023"]
[Site "Chess.com"]
[Date "2023.10.24"]
[Round "10"]
[White "pedro_gines"]
[Black "jcibarra"]
[Result "0-1"]
[WhiteElo "2743"]
[BlackElo "2925"]
[TimeControl "180+1"]
[EndTime "9:52:59 PDT"]
[Termination "jcibarra won on time"]

1. Nf3 d6 2. d4 g6 3. e4 Nf6 4. Nc3 Bg7 5. Be2 O-O 6. O-O Nbd7 7.
h3 e5 8. dxe5 dxe5 9. Be3 c6 10.
a4 a5 11. Bc4 Qe7 12. Qe2 Nc5 13. Bg5 h6 14. Bc1 Nh5 15. Re1 Qf6 16. Qe3 Ne6 17. Ne2 Rd8 18. Nh2 Nef4 19. Nxf4 Nxf4 20. Ng4 Qg5 21. Qf3 h5 22. Nh2 Rd4 23. b3 Qf6 24. Bb2 Rd8 25. Rad1 Bd7 26. Kh1 Qe7 27. Qe3 Bh6 28.
Qg3 Kg7 29. Nf3 f6 30. Nh4 Kh7 31. Bc1 Be8 32. Nf3 b5 33. Bf1 Rxd1 34. Rxd1 Rd8 35. Re1 Qc5 36. c4 bxa4 37. bxa4 Qb4 38. h4 Bf7 39. Be3 Qxa4 40. Rb1 Rd7 41. Kh2 Qc2 42. Rb8 Qd1 0-1

[Event "Early-Titled-Tuesday-Blitz-October-24-2023"]
[Site "Chess.com"]
[Date "2023.10.24"]
[Round "10"]
[White "falzehope0"]
[Black "SargissyanSargis"]
[Result "1-0"]
[WhiteElo "2334"]
[BlackElo "2375"]
[TimeControl "180+1"]
[EndTime "9:52:59 PDT"]
[Termination "falzehope0 won on time"]

1. d4 Nf6 2. e3 g6 3. Bd3 Bg7 4. f4 c5 5. Nf3 b5 6. Bxb5 Qa5+ 7. Nc3 Ne4 8. Bd3 Nxc3 9. bxc3 cxd4 10.
exd4 Qxc3+ 11. Bd2 Qc7 12. f5 Nc6 13. c3 Na5 14.
Qe2 d5 15. O-O Nc4 16. Be1 O-O 17. fxg6 fxg6 18. Bg3 Qc6 19. Qxe7 Bf5 20. Bxf5 Rxf5 21.
Ne5 Nxe5 22. Rxf5 Re8 23. Qxa7 gxf5 24. dxe5 Qxc3 25. Re1 d4 26. Qd7 Rc8 27. Qd5+ Kh8 28. e6 d3 29. e7 Re8 30. Qd8 Qc5+ 31. Bf2 Qc6 32. Qxd3 Bf6 33. Qxf5 Kg7 34. Qg4+ Kf7 35. Qh5+ Kg7 36. Be3 Rxe7 37. Bh6+ Kg8 38. Qg4+ Kf7 39. Qh5+ Kg8 40. Rf1 Qd6 41. Kh1 1-0

[Event "Early-Titled-Tuesday-Blitz-October-24-2023"]
[Site "Chess.com"]
[Date "2023.10.24"]
[Round "10"]
[White "djano"]
[Black "venturov"]
[Result "1-0"]
[WhiteElo "2681"]
[BlackElo "2511"]
[TimeControl "180+1"]
[EndTime "9:53:02 PDT"]
[Termination "djano won by resignation"]

1. d4 Nf6 2. Bf4 e6 3. Nf3 c5 4. e3 cxd4 5. exd4 b6 6. Nbd2 Be7 7. h3 O-O 8. Nc4 d6 9. Bd3 Bb7 10. O-O b5 11. Ncd2 a6 12. Re1 Nbd7 13. Bh2 Nb6 14. Qe2 Rc8 15. c4 bxc4 16. Nxc4 Nxc4 17. Bxc4 Qb6 18. b3 Bxf3 19. Qxf3 d5 20. Bd3 Qxd4 21. Bxa6 Ra8 22. Be5 Qb6 23. Bd3 Qb4 24. Bc3 Qb6 25.
Red1 Rfc8 26. Bd4 Qb4 27. Bb2 h6 28. a3 Qb6 29. b4 Rc7 30. Bd4 Qb7 31. Be5 Rcc8 32.
Re1 Kf8 33. g4 Qb6 34. h4 Ke8 35. g5 hxg5 36. hxg5 Nd7 37. Bxg7 Bxg5 38. Qh5 Bf6 39. Qh7 Ke7 40. Bg6 Rg8 41. Bxf6+ Nxf6 42. Qxf7+ Kd6 43. Qxf6 Raf8 44. Rxe6+ Kc7 45. Rxb6 Rxf6 46. Rxf6 1-0

[Event "Early-Titled-Tuesday-Blitz-October-24-2023"]
[Site "Chess.com"]
[Date "2023.10.24"]
[Round "10"]
[White "HeroRubiksCube"]
[Black "OK97"]
[Result "0-1"]
[WhiteElo "2554"]
[BlackElo "2759"]
[TimeControl "180+1"]
[EndTime "9:53:02 PDT"]
[Termination "OK97 won by resignation"]

1. e4 c5 2. Nc3 Nc6 3. f4 e6 4. Nf3 d5 5. Bb5 Ne7 6. exd5 exd5 7. O-O a6 8. Bxc6+ Nxc6 9. Re1+ Be7 10. d4 O-O 11. Be3 Bg4 12. Bf2 cxd4 13. Ne2 Bxf3 14. gxf3 Bd6 15. Bxd4 Re8 16. c3 Qd7 17. Kh1 Qf5 18.
Rg1 f6 19. Qd2 Re6 20. Ng3 Qxf4 21. Qxf4 Bxf4 22. Nh5 Bg5 23. f4 Nxd4 24. cxd4 Bh6 25. f5 Rc6 26. Rae1 Kf8 27. Re2 Rac8 28. Rge1 Rc1 29.
Rxc1 Rxc1+ 30. Kg2 Kf7 31. b3 Rd1 32. Rc2 Rd2+ 33.
Rxd2 Bxd2 34. Kf3 g6 35. Ng3 Be1 36. Ne2 Bd2 37. Ng3 Bc1 38. Ke2 Bf4 39. fxg6+ hxg6 40. Nf1 Ke6 41. Kf3 Kf5 42. h4 g5 43. hxg5 fxg5 44. a4 g4+ 45. Ke2 Ke4 0-1

[Event "Early-Titled-Tuesday-Blitz-October-24-2023"]
[Site "Chess.com"]
[Date "2023.10.24"]
[Round "10"]
[White "IlyaGrigorjev"]
[Black "Carow-Kann"]
[Result "0-1"]
[WhiteElo "2918"]
[BlackElo "2859"]
[TimeControl "180+1"]
[EndTime "9:53:03 PDT"]
[Termination "Carow-Kann won by resignation"]

1. e4 c5 2. Nf3 e6 3. c3 Nf6 4. e5 Nd5 5. a3 Nc6 6. d4 cxd4 7.
cxd4 d6 8. Bc4 Be7 9. O-O O-O 10.
Qe2 Qb6 11. Rd1 Na5 12. Bxd5 exd5 13. Nc3 Be6 14. Bg5 Bxg5 15. Nxg5 Nb3 16. Qd3 g6 17. Ra2 dxe5 18. Na4 e4 19. Nxb6 exd3 20. Nxa8 Rxa8 21. Nxe6 fxe6 22. a4 Rc8 23. Kf1 Rc2 24. Ra3 Rxb2 25. g3 d2 26. Ke2 Nxd4+ 27. Kd3 Nc6 28. f4 Na5 29. Rc3 Nc4 30. Kd4 Ra2 31. Rd3 Kf7 32. Kc3 Ra3+ 33. Kd4 Rxd3+ 34. Kxd3 Nb2+ 35. Kxd2 Nxd1 36.
Kxd1 b6 37. Kd2 a6 38. Kd3 b5 0-1

[Event "Early-Titled-Tuesday-Blitz-October-24-2023"]
[Site "Chess.com"]
[Date "2023.10.24"]
[Round "10"]
[White "Legendinunknown"]
[Black "Doomfist26"]
[Result "1-0"]
[WhiteElo "2814"]
[BlackElo "2656"]
[TimeControl "180+1"]
[EndTime "9:53:05 PDT"]
[Termination "Legendinunknown won on time"]

1. e4 c5 2. Nf3 d6 3. c3 Nf6 4. Bd3 Nc6 5. Bc2 g6 6. h3 Bg7 7. O-O O-O 8. d4 cxd4 9. cxd4 Nb4 10. Re1 Nxc2 11. Qxc2 a6 12. a4 Bd7 13. Nc3 Rc8 14.
Bg5 b5 15. axb5 axb5 16. Qd2 Bc6 17. b4 Qd7 18. Qe3 e6 19. d5 exd5 20. Ra7 d4 21. Qxd4 Ne8 22. Qe3 Qe6 23. Nd5 Bxd5 24. exd5 Qxe3 25.
Rxe3 Nf6 26. Bxf6 Bxf6 27. Rb7 Rb8 28. Ra7 Rfc8 29. Rea3 Rc4 30. Rd7 Rxb4 31. Raa7 Rf8 32. Rxd6 Rb1+ 33. Kh2 Bc3 34. Rb7 b4 35. Rc6 Bg7 36.
d6 Rd8 37. Rcc7 Bf8 38. Rxf7 Rxd6 39. g3 Rd3 40. Ne5 Rd5 41. Ng4 1-0

[Event "Early-Titled-Tuesday-Blitz-October-24-2023"]
[Site "Chess.com"]
[Date "2023.10.24"]
[Round "10"]
[White "topin8"]
[Black "InitiatingASC"]
[Result "1-0"]
[WhiteElo "2449"]
[BlackElo "2326"]
[TimeControl "180+1"]
[EndTime "9:53:05 PDT"]
[Termination "topin8 won on time"]

1. Nf3 Nf6 2. g3 g6 3. Bg2 Bg7 4. O-O O-O 5. c4 c5 6. Nc3 Nc6 7. d4 cxd4 8. Nxd4 Qb6 9. Nc2 d6 10. b3 Bg4 11. h3 Be6 12. Bb2 Rfe8 13. Qd2 Rad8 14. e4 Qa5 15. Rad1 Qh5 16. h4 Ne5 17. f4 Neg4 18. Qe2 Qc5+ 19. Nd4 Nh5 20. Na4 Nxg3 21.
Qf3 Bxd4+ 22. Bxd4 Qa3 23. Qxg3 h5 24. Bxa7 Qxa2 25.
Bd4 b5 26. Ra1 Qd2 27. Rfd1 Qc2 28. Rdc1 Qd2 29. Bc3 Qe2 30. Re1 Qc2 31. Rac1 Qxb3 32. Nb6 bxc4 33. Rb1 Qa2 34. Ra1 Qc2 35. Rec1 Qd3 36.
Qxd3 cxd3 37. Bf1 Rb8 38. Bd4 d2 39. Rd1 Bb3 40. Rxd2 1-0

[Event "Early-Titled-Tuesday-Blitz-October-24-2023"]
[Site "Chess.com"]
[Date "2023.10.24"]
[Round "10"]
[White "C_K_G"]
[Black "ImBushchess"]
[Result "0-1"]
[WhiteElo "1898"]
[BlackElo "2262"]
[TimeControl "180+1"]
[EndTime "9:53:05 PDT"]
[Termination "ImBushchess won on time"]

1. e4 c6 2. Nf3 d6 3. Nc3 Bg4 4. d4 Nd7 5. Bc4 e6 6. h3 Bh5 7. Be3 a5 8. a4 Be7 9. g4 Bg6 10.
h4 Bxe4 11. Nxe4 d5 12. Bd3 dxe4 13. Bxe4 Ngf6 14. Bd3 Nxg4 15. Qe2 Ndf6 16. O-O-O h5 17. Ne5 Nxe5 18. dxe5 Nd5 19. Be4 Qc7 20. f4 g6 21. Rd3 Nxe3 22. Qxe3 Rd8 23. Rhd1 Rxd3 24. Qxd3 Bxh4 25. Kb1 Kf8 26. Bxg6 fxg6 27. Qxg6 Qf7 28.
Qe4 Qf5 29. Qd4 Be7 30. Qd7 h4 31. Rg1 Kf7 32. Qxb7 h3 33. Qxc6 h2 34. Rh1 Qg4 35. Ka2 Qxf4 36. Qg2 Qf5 0-1

[Event "Early-Titled-Tuesday-Blitz-October-24-2023"]
[Site "Chess.com"]
[Date "2023.10.24"]
[Round "10"]
[White "matenitian"]
[Black "Nick12772"]
[Result "1-0"]
[WhiteElo "2559"]
[BlackElo "2368"]
[TimeControl "180+1"]
[EndTime "9:53:07 PDT"]
[Termination "matenitian won by checkmate"]

1. e4 e6 2. d4 d5 3. Nc3 Bb4 4. e5 c5 5. a3 Bxc3+ 6. bxc3 Ne7 7. Nf3 b6 8. Bb5+ Bd7 9. Bd3 Nbc6 10. O-O h6 11. Be3 c4 12. Be2 Nf5 13. Bc1 Nh4 14. a4 Nxf3+ 15. Bxf3 O-O 16. Ba3 Re8 17. Bh5 Ne7 18. f4 Nf5 19. Qe2 Bxa4 20. g4 Bxc2 21.
gxf5 Bd3 22. Qg4 exf5 23. Qh3 Bxf1 24. Rxf1 Qd7 25. Kh1 Qe6 26. Bf3 a5 27. Qg2 Red8 28.
Bd6 Rac8 29. Bxd5 Rxd6 30. Bxe6 Rxe6 31. d5 Ree8 32. d6 Red8 33. Rg1 g6 34. Qd5 Rc5 35. Qb7 b5 36. e6 Rf8 37. exf7+ Kg7 38. d7 b4 39.
cxb4 axb4 40. Qxb4 Rd5 41. Qe7 Rxf7 42. d8=Q Rxd8 43. Qxd8 Kh7 44. Qd4 Rc7 45. Qf6 Rg7 46. Re1 h5 47. Re7 Rxe7 48. Qxe7+ Kh6 49. Qf6 Kh7 50. Qd4 c3 51. Qxc3 Kh6 52. Qh8# 1-0

[Event "Early-Titled-Tuesday-Blitz-October-24-2023"]
[Site "Chess.com"]
[Date "2023.10.24"]
[Round "10"]
[White "Noki102"]
[Black "fen_fire"]
[Result "1/2-1/2"]
[WhiteElo "2435"]
[BlackElo "2538"]
[TimeControl "180+1"]
[EndTime "9:53:08 PDT"]
[Termination "Game drawn by repetition"]

1. d4 Nf6 2. Nc3 g6 3. e4 d6 4. f4 Bg7 5. Nf3 O-O 6. Bc4 Nxe4 7. Bxf7+ Rxf7 8. Nxe4 Bg4 9. Neg5 Rf6 10. Qe2 Nc6 11. h3 Bxf3 12. Nxf3 Qd7 13. O-O Raf8 14. c3 e5 15. dxe5 dxe5 16. fxe5 Nxe5 17. Nh2 Rxf1+ 18. Nxf1 Qf7 19. Be3 b6 20. Bd4 Nc4 21. Bxg7 Kxg7 22.
b3 Nd6 23. Re1 Re8 24. Qf2 Qxf2+ 25. Kxf2 Ne4+ 26. Kf3 Nd2+ 27. Kf2 Rxe1 28. Kxe1 Nxf1 29. Kxf1 Kf6 30. Kf2 Ke5 31. Ke3 h6 32. g3 c6 33.
a3 a6 34. Kd3 h5 35. Ke3 g5 36. Kf3 c5 37. Ke3 b5 38. a4 g4 39. hxg4 hxg4 40.
a5 b4 41. cxb4 cxb4 42. Kd3 Kd5 43. Ke3 Ke5 44. Kd3 Kd5 45. Ke3 Ke5 1/2-1/2

[Event "Early-Titled-Tuesday-Blitz-October-24-2023"]
[Site "Chess.com"]
[Date "2023.10.24"]
[Round "10"]
[White "Chessmissile07"]
[Black "JuniorJumper"]
[Result "1-0"]
[WhiteElo "2891"]
[BlackElo "2617"]
[TimeControl "180+1"]
[EndTime "9:53:09 PDT"]
[Termination "Chessmissile07 won by resignation"]

1. e4 e5 2. Nf3 Nc6 3. Bb5 Nf6 4. d3 Bc5 5. O-O d6 6. c3 Bb6 7. Nbd2 O-O 8. Nc4 Ne7 9. Nxb6 axb6 10. Bc4 Be6 11. Bb3 Bxb3 12. Qxb3 Ng6 13. Re1 Qd7 14. h3 Qa4 15. Qxa4 Rxa4 16. a3 Nd7 17. Be3 Nc5 18.
Bxc5 bxc5 19. b3 Ra6 20. a4 Nf4 21. Rad1 Rb6 22. g3 Ne6 23. Nd2 f5 24. exf5 Rxf5 25. f4 Kf7 26. fxe5 Ng5 27. Rf1 Rxf1+ 28. Rxf1+ Ke7 29. Re1 Kd7 30. exd6 cxd6 31. Kg2 Nf7 32. Kf2 Ne5 33. Ke3 d5 34. d4 Nf7 35. dxc5 Re6+ 36. Kf2 Rxe1 37. Kxe1 Kc6 38. b4 Ne5 39. Ke2 g5 40. Ke3 h5 41. Nf3 Nc4+ 42. Kd4 g4 43.
hxg4 hxg4 44. Ne5+ Nxe5 45. Kxe5 d4 46. cxd4 b5 47. d5+ Kd7 48. axb5 Ke7 49. Kf5 Kf7 50. b6 Ke7 51. b7 Kd7 52. b8=Q Ke7 53. Qb7+ Kd8 54.
d6 Ke8 55. c6 Kf8 56. b5 1-0

[Event "Early-Titled-Tuesday-Blitz-October-24-2023"]
[Site "Chess.com"]
[Date "2023.10.24"]
[Round "10"]
[White "Akylbek2021"]
[Black "DonCiao"]
[Result "1-0"]
[WhiteElo "2247"]
[BlackElo "2125"]
[TimeControl "180+1"]
[EndTime "9:53:09 PDT"]
[Termination "Akylbek2021 won by checkmate"]

1. c4 Nf6 2. Nf3 g6 3. Nc3 d5 4.
cxd5 Nxd5 5. d4 Bg7 6. e4 Nxc3 7. bxc3 c5 8. Rb1 O-O 9. Be2 Nc6 10. d5 Ne5 11.
Qd2 Nxf3+ 12. Bxf3 Qa5 13. Rb3 c4 14. Ra3 Qc7 15.
h4 h5 16. Be2 b5 17. Qf4 Be5 18. Qg5 Bf6 19. Qe3 a5 20. g4 hxg4 21. h5 g5 22. Rg1 Kh7 23. Bxg4 Bxg4 24. Rxg4 b4 25. Ra4 Qh2 26.
cxb4 axb4 27. Rxb4 Rxa2 28. f3 Qh1+ 29. Rg1 Qh4+ 30. Kd1 c3 31. e5 Qxb4 32. exf6 exf6 33. Qd3+ Kh6 34. d6 Rd8 35. Qf5 Rxd6+ 36. Ke1 c2+ 37. Kf1 Qc4+ 38. Kg2 Qe2+ 39. Kh1 Qd1 40. Bxg5+ fxg5 41. Qxg5+ Kh7 42. Qg7# 1-0

[Event "Early-Titled-Tuesday-Blitz-October-24-2023"]
[Site "Chess.com"]
[Date "2023.10.24"]
[Round "10"]
[White "GiorgianBarbosa"]
[Black "DonJuanEGenaro"]
[Result "1-0"]
[WhiteElo "2416"]
[BlackElo "1841"]
[TimeControl "180+1"]
[EndTime "9:53:10 PDT"]
[Termination "GiorgianBarbosa won on time"]

1. c4 e6 2. g3 c5 3. Bg2 Nc6 4. Nf3 d5 5. O-O Nf6 6. cxd5 exd5 7. d4 Be7 8. b3 O-O 9. dxc5 Bxc5 10. Bb2 Re8 11. Nc3 a6 12. Rc1 Ba7 13. Na4 Ne4 14. Nd4 Bd7 15. Nxc6 bxc6 16. Bd4 Bxd4 17. Qxd4 Qf6 18.
Qxf6 Nxf6 19. Nb6 Ra7 20. Nxd7 Rxd7 21. Rxc6 Rxe2 22. Rxa6 g5 23. Ra5 Kg7 24. Rd1 g4 25. Bf1 Rb2 26. Bd3 h5 27. Kg2 Rc7 28. Bf5 Ne4 29.
Bxe4 dxe4 30. Re1 Rcc2 31. Rf5 Kg6 32. Rf4 f5 33. h4 Rxa2 34. Rd1 Rab2 35. Rd6+ Kg7 36.
Re6 Rxb3 37. Rxf5 e3 38. Rg5+ 1-0

[Event "Early-Titled-Tuesday-Blitz-October-24-2023"]
[Site "Chess.com"]
[Date "2023.10.24"]
[Round "10"]
[White "balachess2006"]
[Black "esrosenberg"]
[Result "1-0"]
[WhiteElo "2574"]
[BlackElo "2451"]
[TimeControl "180+1"]
[EndTime "9:53:13 PDT"]
[Termination "balachess2006 won on time"]

1. Nf3 d5 2. d4 Bf5 3. c4 e6 4.
Qb3 Nc6 5. Bg5 Nf6 6. Nc3 Na5 7. Qa4+ c6 8. cxd5 exd5 9. Bxf6 gxf6 10. e3 Be7 11. b4 Nc4 12. Bxc4 dxc4 13. b5 Bd3 14.
bxc6 O-O 15. Nd2 bxc6 16. Nxc4 Rb8 17. Nd2 Rb2 18. Nd1 Rxd2 19. Kxd2 Bb5 20. Qb3 Qa5+ 21. Nc3 Rb8 22. Rhb1 Rb6 23. Qc2 Ba3 24. Rb3 Bf8 25. a4 Bc4 26. Rxb6 axb6 27. Rb1 Bb4 28. Qb2 c5 29. dxc5 bxc5 30. Qc2 Qd8+ 31. Kc1 Ba3+ 32. Rb2 Bd3 33. Qb3 Bxb2+ 34. Qxb2 c4 35. Qb4 Qc7 36. g3 Qc6 37. Kd2 Qg2 38. Qb8+ Kg7 39. Qf4 Qf1 40.
Qg4+ Kf8 41. Qc8+ Kg7 42. Qg4+ Bg6 43. Qe2 Qa1 44. Qxc4 Qb2+ 45. Ke1 Qc1+ 46. Ke2 Qc2+ 47. Kf3 Qf5+ 48. Kg2 Qc2 49. Qd4 1-0

[Event "Early-Titled-Tuesday-Blitz-October-24-2023"]
[Site "Chess.com"]
[Date "2023.10.24"]
[Round "10"]
[White "victormago"]
[Black "pinguino120"]
[Result "0-1"]
[WhiteElo "2408"]
[BlackElo "2236"]
[TimeControl "180+1"]
[EndTime "9:53:13 PDT"]
[Termination "pinguino120 won on time"]

1. d4 d5 2. c4 e6 3. Nc3 c6 4. e3 Nf6 5. Nf3 Nbd7 6. Qc2 Bd6 7. g4 h6 8. Rg1 e5 9. h4 e4 10. g5 hxg5 11. hxg5 exf3 12. gxf6 Nxf6 13. cxd5 cxd5 14.
Bd2 g6 15. Bd3 Bd7 16. O-O-O Qe7 17. Qb3 Bc6 18. Nb5 Bxb5 19. Bxb5+ Kf8 20. Kb1 Kg7 21. Bd3 Ne4 22. Be1 Nf6 23. Rc1 Rac8 24. Bc3 Rh2 25. Rgf1 Ne4 26. Qxd5 Nxc3+ 27. bxc3 Ba3 28.
Rc2 Rc6 29. Ka1 Qf6 30. Qb3 Be7 31. e4 Rb6 32. Qc4 Ba3 33. e5 Qe6 34. Qxe6 fxe6 35.
Be4 Rh3 36. c4 g5 37. d5 Kf7 38. c5 Rb4 39. dxe6+ Kxe6 40. Bd3 Rd4 41. Bc4+ Kxe5 42. Bb3 Rhh4 43. Kb1 Rhe4 44. Rc3 g4 45. Rh1 Bb4 46. Rc2 Re2 47. Kb2 Rxc2+ 48. Kxc2 Rd2+ 49. Kc1 Rxf2 0-1

[Event "Early-Titled-Tuesday-Blitz-October-24-2023"]
[Site "Chess.com"]
[Date "2023.10.24"]
[Round "10"]
[White "johnmez"]
[Black "Dewarfd"]
[Result "0-1"]
[WhiteElo "2306"]
[BlackElo "2178"]
[TimeControl "180+1"]
[EndTime "9:53:13 PDT"]
[Termination "Dewarfd won by resignation"]

1. d4 Nf6 2. c4 e6 3. Nc3 d5 4.
cxd5 Nxd5 5. e4 Nxc3 6. bxc3 c5 7. Nf3 cxd4 8. cxd4 Bb4+ 9. Bd2 Bxd2+ 10. Qxd2 O-O 11.
Bd3 b6 12. O-O Ba6 13. e5 Bxd3 14. Qxd3 Nc6 15. Rac1 Nb4 16. Qb3 Nd5 17. Nd2 Nf4 18. Rc4 Ne2+ 19. Kh1 Nxd4 20. Qb2 Nf5 21. Rfc1 Qd5 22.
Nf3 h6 23. Rc7 Rfd8 24. h3 Qe4 25. Qa3 Nd4 26. Nxd4 Qxd4 27. Qe7 Rf8 28. Re1 Qxf2 29. Rd1 Qxa2 30. Rdd7 Qa1+ 31. Kh2 Qxe5+ 32. Kh1 b5 33.
Rxa7 Rxa7 34. Rxa7 Qe1+ 35. Kh2 Qe3 36. Rb7 Qf4+ 37.
Kh1 Rc8 38. g3 Rc1+ 39. Kg2 Rc2+ 40. Kg1 Qf2+ 0-1

[Event "Early-Titled-Tuesday-Blitz-October-24-2023"]
[Site "Chess.com"]
[Date "2023.10.24"]
[Round "10"]
[White "M1711"]
[Black "PenguiinQueen"]
[Result "0-1"]
[WhiteElo "2556"]
[BlackElo "2352"]
[TimeControl "180+1"]
[EndTime "9:53:14 PDT"]
[Termination "PenguiinQueen won on time"]

1. e4 e5 2. f4 d5 3. d4 exf4 4. Bxf4 dxe4 5. Nc3 Nf6 6. Bc4 Bd6 7. Nge2 O-O 8. O-O Bg4 9. Qd2 Nbd7 10. h3 Bxe2 11. Nxe2 Nb6 12. Bb3 c5 13. c3 Rc8 14. Rad1 c4 15. Bc2 Nbd5 16. Bxd6 Qxd6 17. Qc1 Rfe8 18. Rf2 Re7 19. Rdf1 b5 20. Bb1 a5 21. Nf4 a4 22.
Nxd5 Nxd5 23. Rf5 e3 24. Re1 Rce8 25. Rf3 g6 26. Qc2 f5 27. Qd1 Kg7 28. Bc2 a3 29. Qc1 axb2 30. Qxb2 Qb8 31. a3 Qb6 32. Bd1 Qa5 33. Kh1 Nxc3 34. Bc2 Nd5 35. Qb1 b4 36. Bxf5 Nc3 37. Qc2 b3 38. Qc1 gxf5 39. Rg3+ Kh8 40. Rexe3 Rxe3 41. Rxe3 Ne4 42. Qxc4 Qd2 43. Qxb3 Rg8 0-1

[Event "Early-Titled-Tuesday-Blitz-October-24-2023"]
[Site "Chess.com"]
[Date "2023.10.24"]
[Round "10"]
[White "mary-sanna"]
[Black "dianamirza"]
[Result "1-0"]
[WhiteElo "2203"]
[BlackElo "2008"]
[TimeControl "180+1"]
[EndTime "9:53:15 PDT"]
[Termination "mary-sanna won on time"]

1. d4 Nf6 2. c4 c6 3. Nf3 d5 4. g3 Bf5 5. Nh4 Bg6 6. Bg2 Nbd7 7.
cxd5 cxd5 8. Nc3 e6 9. Qb3 Qb6 10. Qxb6 Nxb6 11. Nb5 Kd7 12. Nxg6 hxg6 13. Bf4 Bb4+ 14.
Kf1 Nc4 15. a3 Bd6 16. Nxd6 Nxd6 17. Ke1 Rac8 18. Rc1 Nfe4 19. f3 Nf6 20. b3 Rxc1+ 21. Bxc1 Rc8 22. Kd2 Nb5 23. Bb2 Ne8 24. e4 Ned6 25.
a4 Nc7 26. Rc1 Na6 27. Re1 Nb4 28. Rc1 f5 29. Rxc8 Kxc8 30. Ba3 a5 31. Bxb4 axb4 32. exd5 exd5 33. Kd3 Kd7 34. g4 f4 35. h4 Ke6 36.
Bh3 Kf6 37. Kd2 g5 38. h5 g6 39. h6 Nf7 40. h7 Kg7 41. Bf1 Kxh7 42. Bb5 Nd6 43. Bd7 b5 44. a5 Nb7 45. a6 1-0

[Event "Early-Titled-Tuesday-Blitz-October-24-2023"]
[Site "Chess.com"]
[Date "2023.10.24"]
[Round "10"]
[White "LuisFSiles"]
[Black "Nf3c5"]
[Result "0-1"]
[WhiteElo "2285"]
[BlackElo "2586"]
[TimeControl "180+1"]
[EndTime "9:53:16 PDT"]
[Termination "Nf3c5 won on time"]

1. e4 c5 2. Nf3 Nc6 3. Bb5 e6 4. O-O Nge7 5. Re1 Nd4 6. Nxd4 cxd4 7. c3 a6 8. Bf1 Nc6 9. d3 Bd6 10. Qg4 Qf6 11. f4 Bc5 12. Kh1 Qg6 13. Qf3 e5 14. a3 h5 15. b4 Ba7 16. c4 b5 17. Nd2 d6 18. f5 Qg4 19. Qf2 h4 20. Be2 Qg3 21.
hxg3 hxg3+ 22. Kg1 gxf2+ 23. Kxf2 g6 24. g4 Bb6 25. Bf3 Bd8 26. cxb5 axb5 27. Bb2 Bh4+ 28. Kg2 Bxe1 29. Rxe1 f6 30. Rc1 Bd7 31. Nb3 Ke7 32. Rc2 Rh6 33. Bc1 g5 34. Kg3 Rah8 35. Bg2 Rc8 36.
Bd2 Rhh8 37. Bf3 Na7 38. Bd1 Rxc2 39. Bxc2 Rc8 40. Bd1 Ra8 41. Na5 Nc6 42. Nxc6+ Bxc6 43. Bc1 d5 0-1

[Event "Early-Titled-Tuesday-Blitz-October-24-2023"]
[Site "Chess.com"]
[Date "2023.10.24"]
[Round "10"]
[White "IMRosen"]
[Black "carokannlover213"]
[Result "1-0"]
[WhiteElo "2617"]
[BlackElo "2736"]
[TimeControl "180+1"]
[EndTime "9:53:18 PDT"]
[Termination "IMRosen won on time"]

1. e4 c6 2. d4 g6 3. Nc3 Bg7 4. Nf3 d5 5. h3 dxe4 6. Nxe4 Nf6 7. Nxf6+ exf6 8. Bc4 O-O 9. O-O Nd7 10.
Re1 a5 11. Bd2 a4 12. a3 b5 13. Bf1 Nb6 14. Qc1 Be6 15. Bh6 Bd5 16. Nh2 f5 17. Bxg7 Kxg7 18. Qf4 Re8 19. Re5 Rxe5 20. dxe5 Be6 21. g4 Nd5 22. Qf3 Qg5 23. Bg2 fxg4 24. hxg4 Qxe5 25. c3 Rc8 26. Nf1 Nf4 27. Ne3 Bd5 28. Nxd5 Nxd5 29. Rd1 Re8 30. Qd3 Nf4 31.
Qd6 Qg5 32. Qd4+ Kh6 33. Bf3 c5 34. Qd7 Re7 35. Qc8 Ne6 36. Qb8 Qf4 37. Qxf4+ Nxf4 38. Rd8 c4 39. Rb8 Re5 40. Kh2 Nd3 41. Bc6 Nxb2 42. Bxb5 Re2 43. Be8 1-0